 Dungeon Crawl Stone Soup version 0.20.0-15-g7f486f2 (webtiles) character file.

51291 asdasd2 the Warrior (level 14, -2/141 HPs)
             Began as a Minotaur Fighter on June 10, 2017.
             Was the Champion of Okawaru.
             Slain by a red devil
             ... wielding a +0 trident
             ... summoned by an orc high priest
              (15 damage)
             ... on level 2 of the Orcish Mines.
             The game lasted 00:45:58 (23754 turns).

asdasd2 the Warrior (Minotaur Fighter)             Turns: 23754, Time: 00:45:58

Health: -2/141     AC: 23    Str: 26    XL:     14   Next: 22%
Magic:  13/13      EV:  8    Int:  5    God:    Okawaru [******]
Gold:   2108       SH: 10    Dex: 12    Spells: 13/13 levels left

rFire    . . .     SeeInvis .   p - +0 broad axe (flame)
rCold    + . .     Gourm    .   c - +0 shield
rNeg     + . .     Faith    .   d - +0 plate armour
rPois    .         Spirit   .   (helmet restricted)
rElec    .         Reflect  .   (no cloak)
rCorr    .         Harm     .   (no gloves)
MR       +....                  q - +0 pair of boots {run}
Stlth    ..........             u - amulet of rage
Regen    0.4/turn               s - ring of positive energy
MPRegen  0.2/turn               O - +5 ring of protection

@: quick
A: retaliatory headbutt, horns 2, agile 1, cold resistance 1, evolution 1
a: Heroism, Finesse, Renounce Religion, Evoke Berserk Rage


You were on level 2 of the Orcish Mines.
You worshipped Okawaru.
Okawaru was exalted by your worship.
You were hungry.

You visited 4 branches of the dungeon, and saw 21 of its levels.

You collected 2108 gold pieces.

Inventory:

Hand Weapons
 a - a +1 war axe
 p - a +0 broad axe of flaming (weapon)
Armour
 c - a +0 shield (worn)
 d - a +0 plate armour (worn)
 q - a +0 pair of boots of running (worn)
 Z - a +2 pair of boots of flying
Jewellery
 o - an uncursed ring of stealth
 s - a ring of positive energy (left hand)
 u - an amulet of rage (around neck)
 G - a +5 ring of intelligence
 J - an uncursed ring of flight
 O - a +5 ring of protection (right hand)
 Q - an uncursed ring of ice
Wands
 b - a wand of digging (14/24)
 i - a wand of acid (6/15)
 x - a wand of digging (10/24)
 y - a wand of digging (9/24)
 z - a wand of polymorph (10/24)
Scrolls
 e - 12 scrolls of remove curse
 h - a scroll of recharging
 n - 2 scrolls of magic mapping
 t - 4 scrolls of teleportation
 v - 2 scrolls of fear
 A - a scroll of amnesia
 F - 2 scrolls of enchant weapon
 M - a scroll of enchant armour
 T - 3 scrolls of identify
 U - 2 scrolls of fog
Potions
 g - 4 potions of brilliance
 j - 5 potions of mutation
 k - 2 potions of cancellation
 l - a potion of magic
 w - 4 potions of flight
 C - 3 potions of curing
 E - 2 potions of heal wounds
 P - a potion of haste
 S - 2 potions of ambrosia
 Y - a potion of might
Comestibles
 f - 8 bread rations
 m - 9 meat rations


   Skills:
 * Level 17.7 Fighting
 + Level 16.7 Axes
 + Level 14.6 Armour
 + Level 4.5 Dodging
 - Level 3.6 Shields
 + Level 0.2 Invocations


You had 13 spell levels left.
You didn't know any spells.

Dungeon Overview and Level Annotations

Branches:
Dungeon (12/15)            Temple (1/1) D:7            Lair (6/6) D:8
  Swamp (0/4) Lair:4       Spider (0/4) Lair:4        Slime (0/5) Lair:5
    Orc (2/2) D:10            Elf (0/3) Orc:2

Altars:
Ashenzari
Cheibriados
Dithmenos
Elyvilon
Fedhas
Gozag
Hepliaklqana
Kikubaaqudgha
Makhleb
Nemelex Xobeh
Okawaru
Qazlal
Ru
Sif Muna
Trog
Uskayaw
Vehumet
Xom
Yredelemnul
Zin
The Shining One
Beogh

Shops:
D:10 [

Annotations:
D:4 1 runed door


Innate Abilities, Weirdness & Mutations

You reflexively headbutt those who attack you in melee.
You have a pair of horns on your head.
You are agile. (Dex +2)
Your flesh is cold resistant. (rC+)
You evolve.


Message History

* * * LOW HITPOINT WARNING * * *
The sixfirhy shocks you!
* * * LOW HITPOINT WARNING * * *
The sixfirhy hits you but does no damage. x2
You block the red devil's attack.
The orc warrior hits you with a dire flail.
* * * LOW HITPOINT WARNING * * *
The sixfirhy hits you but does no damage.
Unknown command.
You hit the orc high priest. You burn the orc high priest.
The orc high priest is moderately wounded.
You closely miss the sixfirhy.
Your shield and plate armour prevent you from hitting the orc warrior.
The sixfirhy hits you but does no damage.
You block the sixfirhy's attack.
The sixfirhy hits you but does no damage.
You block the red devil's attack.
The orc high priest hits you but does no damage.
The red devil hits you from afar with a trident!
You die...

#############.....####
#.......#.## .
##.........#
##.......##
#####.......#
#.##.......##
#...4.o.....#
#...4.o....##
#....o@....##
##...)3.....#
#..........##
#...........#
#...........#
#...........#
#.#......#.##
#...........#
#...........#


You could see an orc high priest, a sixfirhy, 2 red devils, an orc warrior and
an orc.

Vanquished Creatures
  An orc warlord (Orc:2)
  Snorg (Lair:3)
  Fannar (D:11)
  The ghost of skittles the Arsonist, a journeyman DrFE of Vehumet (D:11)
  The ghost of braks the Arsonist, a journeyman DEEE of Vehumet (Lair:4)
  Harold (D:11)
  Erica (D:11)
  A two-headed ogre (D:8)
  An orc high priest (Orc:2)
  Nergalle (D:11)
  A skeletal warrior (D:12)
  An unseen horror (D:8)
  A lindwurm (Lair:4)
  An orc knight (Orc:2)
  4 orc sorcerers (Orc:2)
  An ugly thing (D:11)
  A cyclops (Orc:2)
  A manticore (D:11)
  The ghost of murphy the Chopper, a novice DDFi (D:8)
  5 black mambas
  Psyche (D:11)
  10 spiny frogs
  A gargoyle (D:10)
  4 rime drakes (Lair:4)
  5 komodo dragons
  3 trolls
  2 polar bears (Lair:6)
  Grinder (D:5)
  A jumping spider (Lair:4)
  5 hornets (Lair:6)
  Prince Ribbit (D:7)
  9 blink frogs
  5 hippogriffs
  A dream sheep (Lair:6)
  The ghost of armaa the Changer, an amateur OpTm (D:5)
  Sigmund (D:6)
  11 spriggans (Lair:6)
  A human (D:7)
  52 yaks
  A basilisk (Lair:3)
  4 hogs (D:7)
  Menkaure (D:5)
  An insubstantial wisp (Lair:4)
  4 swamp worms (Lair:4)
  A warg (Orc:2)
  Edmund (D:4)
  7 porcupines
  14 water moccasins
  27 orc warriors
  2 sky beasts (D:9)
  5 black bears (Lair:6)
  3 boggarts (Lair:6)
  3 phantoms
  3 centaurs
  2 necrophages
  21 wolves
  9 ogres
  4 big kobolds
  17 crocodiles
  15 bullfrogs
  A gnoll sergeant (D:5)
  A wyvern zombie (D:9)
  4 scorpions
  8 killer bees (D:11)
  A water moccasin skeleton (D:8)
  3 wights (D:11)
  An electric eel (Lair:4)
  4 crimson imps
  2 quasits
  6 hounds
  14 jellies
  30 orc wizards
  A centaur skeleton (D:10)
  14 orc priests
  2 bullfrog skeletons
  Ijyb (D:3)
  3 worker ants
  2 iguanas
  A hound zombie (D:8)
  Robin (D:2)
  15 gnolls
  15 adders
  2 shadow imps
  An ooze (D:4)
  An adder skeleton (D:9)
  4 worms
  4 dart slugs
  3 leopard geckos
  97 orcs
  9 giant cockroaches
  13 goblins
  17 hobgoblins
  5 jackals
  28 kobolds
  8 quokkas
  3 ball pythons
  A ball python skeleton (D:5)
  9 bats
  7 frilled lizards
  A jackal skeleton (D:4)
  A leopard gecko zombie (D:5)
  2 quokka zombies
  4 rats
  2 fungi
  A plant (Lair:4)
640 creatures vanquished.

Vanquished Creatures (others)
  An orc wizard (D:3)
  26 fungi
  8 plants
35 creatures vanquished.

Grand Total: 675 creatures vanquished

Notes
Turn   | Place    | Note
-------+----------+-------------------------------------------
     0 | D:1      | asdasd2 the Minotaur Fighter began the quest for the Orb.
     0 | D:1      | Reached XP level 1. HP: 19/19 MP: 0/0
    71 | D:1      | Reached skill level 4 in Fighting
    90 | D:1      | Reached XP level 2. HP: 27/27 MP: 1/1
   501 | D:2      | Reached XP level 3. HP: 31/34 MP: 2/2
   820 | D:2      | Reached XP level 4. HP: 41/41 MP: 3/3
  1012 | D:2      | Noticed Robin
  1017 | D:2      | Killed Robin
  1107 | D:3      | Reached XP level 5. HP: 47/47 MP: 4/4
  1198 | D:3      | Reached skill level 5 in Fighting
  1200 | D:3      | Reached skill level 1 in Dodging
  1210 | D:3      | Gained mutation: Your spells are a little easier to cast, but a little less powerful. [potion of mutation]
  1210 | D:3      | Gained mutation: You evolve. [potion of mutation]
  1471 | D:3      | Reached skill level 5 in Axes
  1492 | D:3      | Reached XP level 6. HP: 27/56 MP: 5/5
  1620 | D:3      | Found a deep blue altar of Sif Muna.
  1708 | D:3      | Noticed Ijyb
  1723 | D:3      | Killed Ijyb
  2043 | D:3      | Found a snail-covered altar of Cheibriados.
  2191 | D:4      | Noticed Edmund
  2199 | D:4      | Gained mutation: Your muscles are strong. (Str +2) [evolution]
  2201 | D:4      | Killed Edmund
  2201 | D:4      | Reached skill level 5 in Armour
  2450 | D:4      | Reached skill level 6 in Fighting
  2458 | D:4      | Reached XP level 7. HP: 62/63 MP: 6/6
  2796 | D:4      | Found a shattered altar of Ashenzari.
  2868 | D:4      | Found a runed door.
  3402 | D:4      | Got a crude chain mail
  3413 | D:4      | Identified the +4 chain mail of Qaumekown {rF- rN+ Stlth+} (You found it on level 4 of the Dungeon)
  3431 | D:5      | Entered Level 5 of the Dungeon
  3577 | D:5      | Found a hazy altar of Hepliaklqana.
  3630 | D:5      | Noticed Menkaure
  3634 | D:5      | Gained mutation: You are agile. (Dex +2) [evolution]
  3635 | D:5      | Noticed armaa's ghost (amateur OpTm)
  3639 | D:5      | HP: 2/64 [Menkaure/nerve-wracking pain (7)]
  4174 | D:5      | Killed Menkaure
  4174 | D:5      | Reached skill level 7 in Fighting
  4174 | D:5      | Reached XP level 8. HP: 44/73 MP: 7/7
  4444 | D:5      | Noticed Grinder
  4458 | D:5      | Paralysed by Grinder for 3 turns
  4471 | D:5      | Killed Grinder
  4697 | D:5      | Killed armaa's ghost
  4876 | D:6      | Noticed Sigmund
  4891 | D:6      | Killed Sigmund
  4994 | D:6      | Gained mutation: Your flesh is cold resistant. (rC+) [evolution]
  5618 | D:7      | Noticed Prince Ribbit
  5646 | D:7      | Killed Prince Ribbit
  5646 | D:7      | Reached skill level 8 in Fighting
  5655 | D:7      | Found a burning altar of Makhleb.
  5675 | D:7      | Reached XP level 9. HP: 81/81 MP: 8/8
  5707 | D:7      | Found a shimmering altar of Xom.
  5770 | D:7      | Reached skill level 10 in Axes
  5798 | D:7      | Found a staircase to the Ecumenical Temple.
  5818 | Temple   | Entered the Ecumenical Temple
  6032 | Temple   | Became a worshipper of Warmaster Okawaru
  6319 | D:7      | Reached skill level 9 in Fighting
  6324 | D:7      | Reached * piety under Okawaru
  6812 | D:8      | Noticed a troll
  7179 | D:8      | Gained mutation: Scrolls take you a little longer to read. [evolution]
  7184 | D:8      | Killed an unseen horror
  7184 | D:8      | Reached ** piety under Okawaru
  7184 | D:8      | Reached XP level 10. HP: 34/93 MP: 9/9
  7441 | D:8      | Reached skill level 10 in Fighting
  7491 | D:8      | Noticed murphy's ghost (novice DDFi)
  7525 | D:8      | Killed murphy's ghost
  7834 | D:8      | Found a staircase to the Lair.
  7948 | D:8      | Noticed a two-headed ogre
  7954 | D:8      | Killed a two-headed ogre
  7954 | D:8      | Reached *** piety under Okawaru
  8136 | D:8      | Found a sparkling altar of Nemelex Xobeh.
  8515 | D:8      | Reached skill level 11 in Fighting
  9211 | D:8      | Found a roughly hewn altar of Beogh.
  9265 | D:9      | Lost mutation: Your spells are a little easier to cast, but a little less powerful. [evolution]
  9498 | D:9      | Found an ancient bone altar of Kikubaaqudgha.
 10106 | D:9      | Reached **** piety under Okawaru
 10106 | D:9      | Reached skill level 10 in Armour
 10489 | D:10     | Entered Level 10 of the Dungeon
 10489 | D:10     | Found a staircase to the Orcish Mines.
 10612 | D:10     | Reached XP level 11. HP: 83/104 MP: 10/10
 10670 | D:10     | Received a gift from Okawaru
 10670 | D:10     | Reached skill level 12 in Fighting
 11035 | D:10     | Found Ytill's Armour Shoppe.
 12025 | D:11     | Noticed Harold
 12046 | D:11     | Killed Harold
 12060 | D:11     | Noticed Psyche
 12319 | D:11     | Noticed Fannar
 12372 | D:11     | Killed Fannar
 12372 | D:11     | Reached ***** piety under Okawaru
 12399 | D:11     | Found a basalt altar of Yredelemnul.
 12683 | D:11     | Killed Psyche
 12723 | D:11     | Noticed skittles's ghost (journeyman DrFE)
 12728 | D:11     | Noticed Erica
 12745 | D:11     | Killed Erica
 12745 | D:11     | Reached skill level 13 in Fighting
 12755 | D:11     | Killed skittles's ghost
 12802 | D:11     | Noticed a green ugly thing
 12821 | D:11     | Killed a green ugly thing
 12821 | D:11     | Received a gift from Okawaru
 12849 | D:11     | Identified a +0 pair of boots of running (Okawaru gifted it to you on level 11 of the Dungeon)
 13293 | D:11     | Noticed Nergalle
 13303 | D:11     | Killed Nergalle
 13303 | D:11     | Reached XP level 12. HP: 94/115 MP: 11/11
 13479 | D:12     | Noticed a death knight
 13617 | Lair:1   | Entered Level 1 of the Lair of Beasts
 13784 | Lair:1   | Reached skill level 14 in Fighting
 13798 | Lair:1   | Lost mutation: Your muscles are strong. (Str +2) [evolution]
 13806 | Lair:1   | Noticed a seven-headed hydra
 13893 | Lair:2   | Identified 2 scrolls of acquirement
 13893 | Lair:2   | Got a bloodstained buckler
 13904 | Lair:2   | Identified the +1 buckler "Xiyp" {-Tele +Fly Stlth+} (You acquired it on level 2 of the Lair of Beasts)
 14523 | Lair:2   | Noticed a seven-headed hydra
 15062 | Lair:3   | Received a gift from Okawaru
 15361 | Lair:4   | Noticed Snorg
 15402 | Lair:3   | Killed Snorg
 15586 | Lair:4   | Reached ****** piety under Okawaru
 15586 | Lair:4   | Received a gift from Okawaru
 15586 | Lair:4   | Reached skill level 15 in Fighting
 15716 | Lair:4   | Reached skill level 15 in Axes
 15778 | Lair:4   | Noticed braks's ghost (journeyman DEEE)
 15788 | Lair:4   | Killed braks's ghost
 16219 | Lair:4   | Found a hole to the Spider Nest.
 16355 | Lair:4   | Reached XP level 13. HP: 112/127 MP: 12/12
 16591 | Lair:4   | Lost mutation: Scrolls take you a little longer to read. [evolution]
 16938 | Lair:4   | Received a gift from Okawaru
 17123 | Lair:4   | Found a staircase to the Swamp.
 17699 | Lair:5   | Found a staircase to the Slime Pits.
 18205 | Lair:6   | Entered Level 6 of the Lair of Beasts
 18293 | Lair:6   | Paralysed by a hornet for 2 turns
 18437 | Lair:6   | Reached skill level 16 in Fighting
 19960 | Lair:6   | Paralysed by a hornet for 1 turns
 20361 | Lair:6   | Reached skill level 17 in Fighting
 20367 | Lair:6   | Received a gift from Okawaru
 20720 | Orc:1    | Entered Level 1 of the Orcish Mines
 20800 | Orc:2    | Entered Level 2 of the Orcish Mines
 20806 | Orc:2    | Paralysed by an orc sorcerer for 5 turns
 21040 | Orc:2    | Found a staircase to the Elven Halls.
 21507 | Orc:1    | Reached XP level 14. HP: 136/140 MP: 13/13
 21559 | Orc:1    | Found a roughly hewn altar of Beogh.
 21958 | Orc:2    | Noticed an orc warlord
 22511 | Orc:2    | Noticed an orc warlord
 22576 | Orc:2    | HP: 7/140 [orc warlord/broad axe of flaming (16)]
 22588 | Orc:2    | HP: 3/140 [orc warrior/tomahawk of returning[an orc warlord] (8)]
 23227 | Orc:2    | Killed an orc warlord
 23754 | Orc:2    | Slain by a red devil

Skill      XL: |  1  2  3  4  5  6  7  8  9 10 11 12 13 |
---------------+----------------------------------------+-----
Fighting       | 4 5 6 7 8 9 11 13 15 17 | 17.7
Axes           | 3 4 5 6 7 9 11 12 14 15 16 | 16.7
Armour         | 4 5 6 7 8 10 12 13 14 | 14.6
Dodging        | 1 2 3 4 |  4.5
Shields        | |  3.6
Invocations    | |  0.2

Action                   |  1- 3 |  4- 6 |  7- 9 | 10-12 | 13-15 || total
-------------------------+-------+-------+-------+-------+-------++-------
Melee: War axe           |    88 |   178 |   288 |   764 |   780 ||  2098
       Headbutt          |     5 |    30 |    52 |   203 |   178 ||   468
       Broad axe         |       |       |       |       |    25 ||    25
Invok: Heroism           |       |       |       |     2 |     2 ||     4
       Finesse           |       |       |       |       |     1 ||     1
  Use: Scroll            |     2 |     5 |    10 |    12 |     7 ||    36
       Potion            |       |     7 |       |     3 |     3 ||    13
  Eat: Chunk             |       |     5 |    11 |    15 |    13 ||    44
       Royal jelly       |       |       |     3 |     5 |     1 ||     9
       Fruit             |       |       |       |     1 |     6 ||     7
       Bread ration      |       |       |       |       |     1 ||     1
Armor: Scale mail        |    28 |    90 |    96 |     3 |       ||   217
       Plate armour      |       |       |       |   330 |   392 ||   722
       Chain mail        |       |       |       |    18 |       ||    18
Dodge: Dodged            |    35 |    40 |    76 |   174 |   179 ||   504
Block: Shield            |    46 |    88 |   144 |   312 |   309 ||   899
